 Dungeon Crawl Stone Soup version 0.26-b1-32-g5d43845318 (webtiles) character file.

Game seed: 12232368063829481123

12357 Borgoz the Basher (level 11, -3/69 HPs)
             Began as a Gargoyle Gladiator on Jan 10, 2021.
             Killed by mirror damage (6 damage)
             ... on level 14 of the Dungeon.
             The game lasted 00:17:19 (9104 turns).

Borgoz the Basher (Gargoyle Gladiator)              Turns: 9104, Time: 00:17:19

Health: -3/69      AC: 34    Str: 22    XL:     11   Next: 92%
Magic:  11/11      EV: 15    Int:  4    God:
Gold:   689        SH:  5    Dex: 14    Spells: 10/10 levels left

rFire    + + +     SeeInvis .   i - +0 morningstar (protect)
rCold    . . .     Faith    .   n - +0 buckler
rNeg     + + .     Spirit   .   x - +2 scale mail "Eggeinoh" {rF+++ Str+3 Int-4}
rPois    ∞         Reflect  .   c - +1 helmet
rElec    +         Harm     .   P - +1 cloak {rPois}
rCorr    +         Rampage  .   G - +2 pair of gloves
Will     .....                  r - +0 pair of boots
Stlth    ..........             l - amulet of regeneration
HPRegen  0.61/turn              m - ring of positive energy
MPRegen  0.12/turn              I - ring of resist corrosion

@: mighty, protection aura
A: negative energy resistance 1, electricity resistance, unbreathing,
petrification resistance, miasma immunity, AC +8
a: no special abilities


You were on level 14 of the Dungeon.
You visited 2 branches of the dungeon, and saw 13 of its levels.
You also visited: Ossuary.

You collected 884 gold pieces.
You spent 195 gold pieces at shops.

Inventory:

Hand Weapons
 i - a +0 morningstar of protection (weapon)
Missiles
 d - 2 throwing nets (quivered)
Armour
 c - a +1 helmet (worn)
 n - a +0 buckler (worn)
 r - a +0 pair of boots (worn)
 x - the +2 scale mail "Eggeinoh" (worn) {rF+++ Str+3 Int-4}
   (You found it on level 4 of the Dungeon)

   It affects your strength (+3).
   It affects your intelligence (-4).
   It renders you almost immune to fire.
 F - a +1 leather armour of cold resistance
 G - a +2 pair of gloves (worn)
 O - a +0 troll leather armour
 P - a +1 cloak of poison resistance (worn)
Jewellery
 k - an uncursed amulet of guardian spirit
 l - an amulet of regeneration (around neck)
 m - a ring of positive energy (left hand)
 I - a ring of resist corrosion (right hand)
Wands
 p - a wand of iceblast (4)
 E - a wand of acid (10)
 K - a wand of paralysis (22)
Scrolls
 g - 9 scrolls of teleportation
 j - 3 scrolls of remove curse
 t - 3 scrolls of enchant weapon
 u - 4 scrolls of fog
 w - 2 scrolls of fear
 y - a scroll of blinking
Potions
 b - 3 potions of heal wounds {unknown}
 f - a potion of cancellation
 o - a potion of might
 q - a potion of mutation
 s - 2 potions of curing
 z - 4 potions of flight
 A - a potion of brilliance
 B - a potion of ambrosia {unknown}
 C - 2 potions of resistance
 D - 2 potions of berserk rage {unknown}
 J - a potion of magic


   Skills:
 + Level 8.7 Fighting
 + Level 10.3 Maces & Flails
 - Level 1.7 Throwing
 + Level 8.4 Armour
 * Level 9.4 Dodging
 - Level 5.0 Shields


You had 10 spell levels left.
You didn't know any spells.
Your spell library contained the following spells:

 Spells                   Type           Power        Failure   Level
 Foxfire                  Conj/Fire      0%           78%         1
 Summon Small Mammal      Summ           0%           78%         1
 Call Imp                 Summ           0%           89%         2
 Call Canine Familiar     Summ           0%           98%         3
 Conjure Flame            Conj/Fire      0%           98%         3
 Inner Flame              Hex/Fire       0%           98%         3
 Summon Guardian Golem    Hex/Summ       0%           98%         3
 Sticky Flame             Conj/Fire      0%           100%        4
 Summon Ice Beast         Ice/Summ       0%           100%        4
 Summon Lightning Spire   Summ/Air       0%           100%        4
 Fireball                 Conj/Fire      0%           100%        5


Dungeon Overview and Level Annotations

Branches:
Dungeon (11/15)            Temple (1/1) D:6            Lair (0/6) D:9
Ossuary (visited)
    Orc: D:9-12

Altars:
Ashenzari
Cheibriados
Dithmenos
Elyvilon
Fedhas
Gozag
Hepliaklqana
Kikubaaqudgha
Makhleb
Nemelex Xobeh
Okawaru
Qazlal
Ru
Sif Muna
Trog
Uskayaw
Vehumet
Wu Jian
Xom
Yredelemnul
Zin
The Shining One

Shops:
D:5 =[


Innate Abilities, Weirdness & Mutations

You are resistant to torment.
Your stone body is resilient. (AC +8)
You are immune to poison.
You resist negative energy. (rN+)
You are resistant to electric shocks. (rElec)
You can survive without breathing.
You are immune to petrification.
You are immune to miasma.


Message History

The death knight is caught in the net!
The death knight is severely wounded.
The death knight struggles against the net.
You hit the death knight.
The death knight is severely wounded.
The death knight struggles against the net.
You sock the death knight!
The death knight is almost dead.
You hit the death knight.
The death knight is almost dead.
The death knight offers itself to Yredelemnul, and fills with unholy energy.
The death knight struggles against the net.
You hit the death knight.
The death knight is almost dead.
The death knight reflects your damage back at you!
* * * LOW HITPOINT WARNING * * *
You impale the death knight!!
You kill the death knight!
Your damage is reflected back at you!
You die...

#$##...!.#
........#
#......#?#
#......#.# #
#......#.# ..
#........#...
#...C........
###.###(.<###..
#...@)C(..#
#.#.##B...# ###.#.
#....# ..#.#.
#....# #####.#.#.
#.#.## ...#.#.#.
#.#...
....#.#+##.#.....
#.#........#.....#
#.#........#....$#


You could see a cyclops and a worker ant.

Vanquished Creatures
  A hydra (D:9)
  A boulder beetle (D:11)
  A death knight (D:14)
  Pikel (D:6)
  A deep elf mage (D:7)
  A cyclops (D:11)
  The ghost of Borgoz the Cutter, a novice HaGl (D:5)
  2 ugly things (D:10)
  Maggie (D:6)
  A troll (D:10)
  2 hornets
  Grinder (D:6)
  A shadow (D:11)
  3 wyverns
  Sigmund (D:5)
  3 yaks (D:10)
  2 vampire mosquitoes (D:14)
  3 wargs (D:9)
  3 soldier ants
  2 water moccasins
  4 orc warriors
  A black bear (D:6)
  3 ice beasts
  4 sky beasts
  A hornet zombie (D:10)
  4 ogres
  3 phantoms
  8 centaurs
  5 bullfrogs
  A big kobold (D:11)
  5 water moccasin zombies (Ossuary)
  4 scorpions
  4 killer bees (D:10)
  A howler monkey (D:6)
  2 bullfrog zombies
  A centaur zombie (D:5)
  2 hounds (D:6)
  3 jellies (D:10)
  11 orc priests
  2 centaur skeletons
  6 orc wizards
  3 bullfrog skeletons
  2 iguanas
  Ijyb (D:5)
  9 worker ants
  A big kobold zombie (Ossuary)
  A hound zombie (D:5)
  2 mummies (Ossuary)
  2 worker ant zombies
  4 gnolls (D:8)
  10 adders
  2 shadow imps
  4 white imps
  An ufetubus (D:5)
  An ooze (D:1)
  6 adder zombies
  An adder skeleton (D:9)
  3 worms
  2 dart slugs
  8 leopard geckos
  57 orcs
  A ball python (D:1)
  7 bats
  8 giant cockroaches
  2 gnoll zombies (Ossuary)
  6 goblins
  10 hobgoblins
  14 jackals
  21 kobolds
  2 quokkas (D:9)
  6 frilled lizards
  8 hobgoblin zombies (Ossuary)
  A jackal skeleton (D:4)
  8 kobold zombies (Ossuary)
  A leopard gecko zombie (D:9)
  2 orc zombies (Ossuary)
  A quokka zombie (D:5)
  8 rats
333 creatures vanquished.

Vanquished Creatures (others)
  An orc wizard (D:4)
  A plant (D:9)
2 creatures vanquished.

Grand Total: 335 creatures vanquished

Notes
Turn   | Place    | Note
-------+----------+-------------------------------------------
     0 | D:1      | Borgoz the Gargoyle Gladiator began the quest for the Orb.
     0 | D:1      | Reached XP level 1. HP: 12/12 MP: 1/1
   117 | D:1      | Reached XP level 2. HP: 17/17 MP: 2/2
   296 | D:1      | Reached skill level 1 in Armour
   297 | D:1      | Reached XP level 3. HP: 22/22 MP: 3/3
  1206 | D:2      | Reached XP level 4. HP: 27/27 MP: 4/4
  1681 | D:3      | Reached skill level 4 in Maces & Flails
  1814 | D:3      | Reached XP level 5. HP: 29/32 MP: 5/5
  2183 | D:3      | Reached XP level 6. HP: 31/37 MP: 6/6
  2360 | D:4      | Reached skill level 1 in Shields
  2423 | D:4      | Got a smoking scale mail
  2434 | D:4      | Identified the +2 scale mail "Eggeinoh" {rF+++ Str+3 Int-4}
                  | (You found it on level 4 of the Dungeon)
  2505 | D:4      | Found a sand-covered staircase.
  2542 | Ossuary  | Entered an ossuary
  2607 | Ossuary  | Reached XP level 7. HP: 42/42 MP: 7/7
  2632 | Ossuary  | Reached skill level 5 in Maces & Flails
  3193 | D:4      | Reached XP level 8. HP: 48/48 MP: 8/8
  3261 | D:5      | Entered Level 5 of the Dungeon
  3275 | D:5      | Noticed Sigmund
  3286 | D:5      | Killed Sigmund
  3345 | D:5      | Reached skill level 6 in Maces & Flails
  3380 | D:5      | Noticed Ijyb
  3387 | D:5      | Reached skill level 5 in Dodging
  3391 | D:5      | Killed Ijyb
  3423 | D:5      | Found Uwoareh's Antique Armour Shop.
  3446 | D:5      | Bought a pair of embroidered gloves for 195 gold pieces
  3499 | D:5      | Found a runed translucent gate.
  3499 | D:5      | Found a runed translucent gate.
  3501 | D:5      | Found a runed translucent gate.
  3501 | D:5      | Noticed Borgoz's ghost (novice HaGl)
  3547 | D:5      | Found Bali Pal's Jewellery Emporium.
  3729 | D:5      | Reached skill level 5 in Fighting
  3950 | D:5      | Killed Borgoz's ghost
  3951 | D:5      | Reached skill level 7 in Maces & Flails
  3951 | D:5      | Reached XP level 9. HP: 41/54 MP: 9/9
  4107 | D:6      | Noticed Pikel
  4122 | D:6      | Killed Pikel
  4123 | D:6      | Reached skill level 5 in Armour
  4479 | D:6      | Noticed Grinder
  4505 | D:6      | Killed Grinder
  4506 | D:6      | Reached skill level 8 in Maces & Flails
  4506 | D:6      | Reached skill level 5 in Shields
  4691 | D:6      | Reached XP level 10. HP: 51/60 MP: 10/10
  4871 | D:6      | Noticed Maggie
  4899 | D:6      | Killed Maggie
  4965 | D:6      | Found a staircase to the Ecumenical Temple.
  5050 | Temple   | Entered the Ecumenical Temple
  5324 | D:7      | Noticed a deep elf mage
  5341 | D:7      | Killed a deep elf mage
  5582 | D:7      | Reached skill level 9 in Maces & Flails
  6669 | D:9      | Noticed a seven-headed hydra
  6681 | D:9      | Killed a seven-headed hydra
  6824 | D:9      | Reached XP level 11. HP: 65/67 MP: 11/11
  7074 | D:9      | Found a staircase to the Lair.
  7095 | D:9      | Found a hazy altar of Hepliaklqana.
  7702 | D:10     | Entered Level 10 of the Dungeon
  7718 | D:10     | Noticed a cyan ugly thing
  7733 | D:10     | Killed a cyan ugly thing
  7885 | D:11     | Noticed a cyclops
  7907 | D:11     | Noticed a red ugly thing
  7922 | D:10     | Killed a red ugly thing
  7950 | D:11     | Killed a cyclops
  7951 | D:11     | Reached skill level 10 in Maces & Flails
  7986 | D:11     | Noticed a boulder beetle
  8135 | D:11     | Killed a boulder beetle
  8894 | D:11     | You fall into a shaft and drop 3 floors!
  9069 | D:14     | Noticed a cyclops
  9077 | D:14     | Noticed a death knight
  9098 | D:14     | HP: 1/69 [death knight/cursed -3 broad axe (11)]
  9103 | D:14     | HP: 2/69 [mirror damage (1)]
  9104 | D:14     | Killed a death knight
  9104 | D:14     | Killed by mirror damage

Illustrated notes

Levels and vault maps discovered:
D:1:      dpeg_arrival_yet_another_circle, layout_loops_ring,
          chequers_serial_rivers_room_b, minmay_tetromino_o2
D:2:      layout_loops_ring
D:3:      layout_loops_cross, minivault_25, minmay_door_square,
          kennysheep_pointless_box
D:4:      layout_cave_pools, enter_ossuary_2
D:5:      layout_loops_ring, gammafunk_ghost_split, serial_shops,
          shop_fountains, minmay_shop_enchanted_jewellery, uniq_sigmund,
          uniq_ijyb
D:6:      layout_basic, minmay_temple_entry_enclosed_plants,
          grunt_decor_arrowhead, uniq_maggie, uniq_grinder, uniq_pikel
D:7:      layout_basic, grunt_decor_mini_mirrors
D:8:      layout_rooms
D:9:      layout_basic, nicolae_overflow_hidden_temple,
          erik_lair_orcish_takeover, hangedman_pestilent_swarm, hex_intersection
D:10:     cheibrodos_elevator_heist, layout_cross
D:11:     layout_cave_pools, tso_metal_star
D:14:     layout_basic, gauntlet_entry_generic,
          nicolae_gozag_cash_rules_everything_around_me
Temple:   minmay_crystal_snake_temple

Skill      XL: |  1  2  3  4  5  6  7  8  9 10 11 |
---------------+----------------------------------+-----
Armour         | 1 2 3 4 5 6 8 |  8.4
Dodging        | 3 4 5 6 8 9 |  9.4
Fighting       | 3 4 5 6 7 8 |  8.7
Maces & Flails | 4 5 7 8 9 10 | 10.3
Shields        | 1 2 4 5 |  5.0
Throwing       | |  1.7

Action                   |  1- 3 |  4- 6 |  7- 9 | 10-12 || total
-------------------------+-------+-------+-------+-------++-------
Melee: Flail             |   122 |     8 |       |       ||   130
       Morningstar       |       |   197 |   441 |   646 ||  1284
Throw: Throwing net      |       |       |     1 |     3 ||     4
  Use: Potion            |       |     1 |       |     2 ||     3
       Scroll            |       |       |    13 |    11 ||    24
 Stab: Sleeping          |       |     1 |       |       ||     1
       Held in net/web   |       |       |     1 |       ||     1
Armor: Leather armour    |    50 |   105 |       |       ||   155
       Scale mail        |       |    27 |   200 |   409 ||   636
Dodge: Dodged            |    92 |   208 |   245 |   572 ||  1117
Block: Buckler           |     6 |    52 |    94 |   238 ||   390
